 Dungeon Crawl Stone Soup version 0.29.1-1-gd02db6906a (webtiles) character file.

Game seed: 14345856154190261735

198 H0rd4k the Insei (level 5, 0/33 HPs)
             Began as an Octopode Transmuter on Oct 16, 2022.
             Splashed by a jelly's acid (2 damage)
             ... on level 4 of the Dungeon.
             The game lasted 00:04:11 (3194 turns).

H0rd4k the Insei (Octopode Transmuter)              Turns: 3194, Time: 00:04:12

Health: 0/33       AC: -3    Str:  9    XL:     5   Next: 76%
Magic:  7/8        EV: 13    Int: 17    God:
Gold:   91         SH:  0    Dex: 13    Spells: 8/9 levels left

rFire   . . .      SeeInvis .     - Unarmed
rCold   . . .      Faith    .   (no shield)
rNeg    . . .      Spirit   .   (helmet currently unavailable)
rPois   .          Reflect  .   (no amulet)
rElec   .          Harm     .   (no ring)
rCorr   .          Rampage  .   (no ring)
Will    .....                   (no ring)
Stlth   +++.......              (no ring)
HPRegen 0.11/turn               (no ring)
MPRegen 0.11/turn               (no ring)
                                (no ring)
                                (no ring)

@: appendages, corroded
A: tentacle spike 3, almost no armour, amphibious, 8 rings, camouflage 1,
gelatinous body 1, (nimble swimmer 1), tentacles
a: End Transformation


You were on level 4 of the Dungeon.
One of your tentacles had grown a beastly spike.
You visited 1 branch of the dungeon, and saw 4 of its levels.

You collected 91 gold pieces.

Inventory:

Missiles
 p - 5 poisoned darts
Scrolls
 f - a scroll of silence {unknown}
 g - 2 scrolls of enchant armour {unknown}
 i - a scroll of poison {unknown}
 k - a scroll of identify {unknown}
 m - a scroll of torment {unknown}
 o - a scroll of butterflies {unknown}
 q - a scroll of magic mapping {unknown}
Potions
 a - a potion of lignification
 b - a potion of invisibility {unknown}
 c - 2 potions of flight {unknown}
 d - a potion of brilliance {unknown}
 e - a potion of might {unknown}
 h - a potion of cancellation {unknown}
 j - a potion of curing {unknown}
 l - 3 potions of attraction {unknown}
 n - a potion of heal wounds {unknown}


   Skills:
 + Level 1.0 Fighting
 + Level 2.2 Dodging
 + Level 3.1 Stealth
 + Level 4.8 Unarmed Combat
 + Level 2.5 Spellcasting
 + Level 2.9 Transmutations


You had 8 spell levels left.
You knew the following spells:

 Your Spells              Type           Power      Damage    Failure   Level
a - Beastly Appendage     Tmut           24%        N/A       5%          1

Your spell library contained the following spells:

 Spells                   Type           Power      Damage    Failure   Level
 Wereblood                Tmut           12%        N/A       9%          2
 Spider Form              Tmut/Pois      7%         N/A       30%         3
 Ice Form                 Ice/Tmut       7%         N/A       69%         4


Dungeon Overview and Level Annotations

Branches:
Dungeon (4/15)
 Temple: D:4-7

Altars:

Shops:
D:3 (

Annotations:
D:2 exclusion: 2 gnolls
D:4 2 transporters, Sigmund


Innate Abilities, Weirdness & Mutations

One of your tentacles has grown a beastly spike.
You cannot wear most types of armour.
You are amphibious.
You can wear up to eight rings at the same time.
Your skin changes colour to match your surroundings (Stealth+).
Your rubbery body absorbs attacks. (AC +1, EV +1)
((You are camouflaged when in or above water. (Stealth+)))
You have tentacles for arms and can constrict up to eight enemies at once.


Message History

Found a transporter.
Found a ring mail.
Found a robe.
Found a transporter.
You open the door.
There is an open door here.
Found a long sword.
Found a stone staircase leading down.
There is a stone staircase leading down here.
A jelly comes into view.
You see here a dark potion.
A jelly is nearby!
l - 3 dark potions (gained 1)
The jelly quivers.
Casting: Beastly Appendage (safe; 5% risk of failure)
Confirm with . or Enter, or press ? or * to list all spells.
One of your tentacles grows a vicious spike.
You aren't carrying any items that you can evoke.
You tentacle-slap the jelly.
Your tentacles burn!
The jelly is lightly wounded.
The jelly hits you but does no damage.
You tentacle-slap the jelly.
Your tentacles burn!
Your squeeze misses the jelly.
The jelly is moderately wounded.
The jelly hits you.
You are splashed with acid!
You tentacle-slap the jelly but do no damage.
Your tentacles burn!
You pierce the jelly, but do no damage.
The jelly is moderately wounded.
The jelly hits you but does no damage.
You tentacle-slap the jelly.
Your tentacles burn!
You pierce the jelly.
Your squeeze misses the jelly.
The jelly is heavily wounded.
The jelly closely misses you.
You completely miss the jelly. You tentacle-slap the jelly.
The jelly is severely wounded.
The jelly hits you.
* * * LOW HITPOINT WARNING * * *
You are splashed with acid!
* * * LOW HITPOINT WARNING * * *
You tentacle-slap the jelly. The acid corrodes you!
Your tentacles burn!
You die...

...)...### .......#
#.....#
....>..#####.....#
.................###
........## #.......#
......#.## #.......#
##........
#.......#.#
#.####.##
#....J....#
#.......# #@#
#........ #.#
#......## #.##
#......+ #..#
##......#########.#
..................#
.###############..##
.#8P#~S~~~~~#P8#...#
.#..#.......#..#...#


You could see a jelly.

Vanquished Creatures
  Jessica (D:2)
  Natasha (twice) (D:2)
  An iguana (D:3)
  3 adders
  5 worms
  2 dart slugs
  2 orcs
  2 ball pythons
  6 endoplasms
  5 giant cockroaches
  6 goblins
  2 hobgoblins
  3 quokkas
  4 bats
  5 kobolds
  2 rats (D:1)
51 creatures vanquished.

Notes
Turn   | Place    | Note
-------+----------+-------------------------------------------
     0 | D:1      | H0rd4k the Octopode Transmuter began the quest for the Orb.
     0 | D:1      | Reached XP level 1. HP: 13/13 MP: 3/3
   695 | D:1      | Reached XP level 2. HP: 17/18 MP: 5/5
  1225 | D:2      | Noticed Natasha
  1232 | D:2      | Killed Natasha
  1233 | D:2      | Reached skill level 4 in Unarmed Combat
  1233 | D:2      | Reached XP level 3. HP: 19/23 MP: 6/6
  1354 | D:2      | Reached XP level 4. HP: 28/28 MP: 5/7
  1389 | D:2      | Noticed Natasha
  1406 | D:2      | Killed Natasha
  1886 | D:2      | Noticed Jessica
  1890 | D:2      | Killed Jessica
  1891 | D:2      | Reached XP level 5. HP: 33/33 MP: 6/8
  2911 | D:3      | Found Fissel's Weapon Emporium.
  3109 | D:4      | Noticed Sigmund
  3120 | D:4      | Found a transporter.
  3153 | D:4      | Found a transporter.
  3194 | D:4      | Splashed by a jelly's acid

Illustrated notes

Levels and vault maps discovered:
D:1:      roderic_chinese_lattice_arrival, layout_loops_ring,
          chequers_serial_rivers_micro_d
D:2:      layout_rooms, dreamdust_ecumenical_altar_statues, grunt_ministairs_3,
          uniq_jessica, uniq_natasha
D:3:      layout_basic, serial_shops, nicolae_shop_bloodbath_and_beyond,
          serial_rivers, chequers_serial_rivers_micro_e,
          chequers_serial_rivers_room_b, chequers_serial_rivers_marsh,
          chequers_serial_rivers_micro_b, chequers_serial_rivers_room_b
D:4:      gammafunk_steamed_eel, layout_basic, nicolae_ru_sacrificial_ziggurat,
          uniq_sigmund

Skill      XL: |  1  2  3  4  5 |
---------------+----------------+-----
Unarmed Combat | 4 |  4.8
Stealth        | 2 3 |  3.1
Fighting       | |  1.0
Dodging        | |  2.2
Spellcasting   | |  2.5
Transmutations | |  2.9

Action                   |  1- 3 |  4- 6 || total
-------------------------+-------+-------++-------
Melee: Unarmed           |    55 |    82 ||   137
       Tentacles         |    15 |    15 ||    30
       Constrict         |    12 |    19 ||    31
       Punch             |     2 |     4 ||     6
       Kick              |     1 |    17 ||    18
 Cast: Beastly Appendage |     2 |    16 ||    18
 Stab: Sleeping          |     5 |     6 ||    11
       Distracted        |       |     1 ||     1
Armor: Skin              |     3 |    13 ||    16
Dodge: Dodged            |    29 |    40 ||    69
